 Dungeon Crawl Stone Soup version 0.27.0-1-g7a089689b8 (webtiles) character file.

Game seed: 17313031696909561191

177 Demosthentine the Poker (level 5, 0/41 HPs)
             Began as a Merfolk Gladiator on Aug 2, 2021.
             Succumbed to a scorpion's poison
             ... on level 3 of the Dungeon.
             The game lasted 00:01:45 (2186 turns).

Demosthentine the Poker (Merfolk Gladiator)         Turns: 2186, Time: 00:01:46

Health: 0/41       AC:  5    Str: 14 (15) XL:     5   Next: 57%
Magic:  5/5        EV: 13    Int:  6 (8)  God:
Gold:   68         SH:  0    Dex: 12 (15) Spells: 4/4 levels left

rFire    + . .     SeeInvis .   a - +0 trident
rCold    . . .     Faith    .   (no shield)
rNeg     . . .     Spirit   .   k - +0 leather armour {rF+}
rPois    .         Reflect  .   c - +1 helmet
rElec    .         Harm     .   (no cloak)
rCorr    .         Rampage  .   (no gloves)
Will     .....                  (no boots)
Stlth    +.........             (no amulet)
HPRegen  0.13/turn              (no ring)
MPRegen  0.09/turn              (no ring)

@: lethally poisoned (0 -> -3)
A: (nimble swimmer 2), mertail
a: no special abilities


You were on level 3 of the Dungeon.
You visited 1 branch of the dungeon, and saw 3 of its levels.

You collected 68 gold pieces.

Inventory:

Hand Weapons
 a - a +0 trident (weapon)
Missiles
 d - 3 throwing nets (quivered)
Armour
 c - a +1 helmet (worn)
 k - a +0 leather armour of fire resistance (worn)
Wands
 h - a wand of iceblast (7)
Scrolls
 e - 2 scrolls of identify
 f - a scroll of teleportation
 g - 3 scrolls of fear
Potions
 i - a potion of brilliance


   Skills:
 + Level 3.5 Fighting
 + Level 5.8 Polearms
 - Level 2.0 Throwing
 + Level 1.7 Armour
 + Level 5.2 Dodging


You had 4 spell levels left.
You didn't know any spells.
Your spell library contained the following spells:

 Spells                   Type           Power      Damage    Failure   Level
 Beastly Appendage        Tmut           0%         N/A       52%         1
 Static Discharge         Conj/Air       0%         N/A       67%         2
 Wereblood                Tmut           0%         N/A       67%         2
 Call Canine Familiar     Summ           0%         N/A       88%         3
 Gell's Gravitas          Tloc           0%         N/A       88%         3
 Lesser Beckoning         Tloc           0%         N/A       88%         3
 Ozocubu's Armour         Ice            0%         N/A       88%         3
 Portal Projectile        Hex/Tloc       0%         N/A       88%         3
 Spider Form              Tmut/Pois      0%         N/A       88%         3
 Teleport Other           Tloc           0%         N/A       88%         3
 Dispel Undead            Necr           0%         3d6       99%         4
 Leda's Liquefaction      Hex/Erth       0%         N/A       99%         4
 Sticky Flame             Conj/Fire      0%         2d3       99%         4
 Metabolic Englaciation   Hex/Ice        0%         N/A       100%        5
 Simulacrum               Ice/Necr       0%         N/A       100%        6


Dungeon Overview and Level Annotations

Branches:
Dungeon (3/15)

Altars:


Innate Abilities, Weirdness & Mutations

((You are quick and stealthy near water. (Stealth+, EV+, Speed+++)))
Your lower body shifts to a powerful aquatic tail in water.


Message History

The scorpion poisons you! The scorpion barely misses you.
You hit the scorpion but do no damage.
The scorpion is almost dead.
You feel very sick. The scorpion barely misses you.
Unknown command.
You closely miss the scorpion.
The scorpion is almost dead.
You feel very sick. The scorpion closely misses you.
You hit the scorpion.
You kill the scorpion!
* * * LOW HITPOINT WARNING * * *
You feel very sick.
Your Dodging skill increases to level 5!
Unknown command.
It was a potion of degeneration.
There was something very wrong with that liquid.
You feel weakened.
You feel dopey.
You feel clumsy.
* * * LOW HITPOINT WARNING * * *
You feel sick.
Unknown command.
You barely miss the kobold.
* * * LOW HITPOINT WARNING * * *
You feel sick. The kobold barely misses you. The kobold misses you.
You closely miss the kobold.
* * * LOW HITPOINT WARNING * * *
You feel sick. The kobold hits you with a +0 whip.
* * * LOW HITPOINT WARNING * * *
The kobold hits you but does no damage.
Unknown command.
* * * LOW HITPOINT WARNING * * *
You feel sick.
Unknown command.
* * * LOW HITPOINT WARNING * * *
You feel sick.
Unknown command.
You puncture the kobold!
You kill the kobold!
You die...

...# ...
..################
... ..............
###...#........######
..' #.........'...†.
##.# #.#.......#####.
#..###.........# #.
#.#)@.#........# #.
#.K.#...>......# #.
########.<.....# #.
#.......# #.
#.......# #<
######.#### .##
#......# ##.#.
#.###### #..#. #.#
#######..#.


You could see a kobold.

Vanquished Creatures
  A scorpion (D:3)
  An orc wizard (D:3)
  2 adders
  A worm (D:2)
  3 dart slugs
  4 orcs (D:3)
  A ball python (D:1)
  4 endoplasms (D:1)
  3 giant cockroaches
  4 hobgoblins
  11 jackals
  4 kobolds
  4 quokkas
  3 bats
  6 frilled lizards
  4 goblins
  6 rats
62 creatures vanquished.

Notes
Turn   | Place    | Note
-------+----------+-------------------------------------------
     0 | D:1      | Demosthentine the Merfolk Gladiator began the quest for the
                  | Orb.
     0 | D:1      | Reached XP level 1. HP: 16/16 MP: 1/1
   255 | D:1      | Reached XP level 2. HP: 18/23 MP: 2/2
   523 | D:1      | Reached XP level 3. HP: 17/28 MP: 3/3
   693 | D:1      | Reached skill level 5 in Polearms
   879 | D:1      | Reached skill level 1 in Armour
  1271 | D:2      | Reached XP level 4. HP: 28/34 MP: 4/4
  1824 | D:3      | Reached XP level 5. HP: 7/41 MP: 5/5
  2181 | D:3      | Reached skill level 5 in Dodging
  2184 | D:3      | HP: 2/41 [poisoned by a scorpion]
  2186 | D:3      | Succumbed to a scorpion's poison

Illustrated notes

Levels and vault maps discovered:
D:1:      tarquinn_simple_flora_water_a, layout_rooms,
          wander_ebering_terrifying_dragon_lair
D:2:      layout_rooms, minmay_tetromino_s4
D:3:      cheibrodos_helix_gallery, layout_basic,
          ebering_ecumenical_altar_sacrificial, corexii_corridor_pit,
          minmay_fractal_squares_diagonal_5, uniq_jessica

Skill      XL: |  1  2  3  4  5 |
---------------+----------------+-----
Polearms       | 5 |  5.8
Armour         | 1 |  1.7
Fighting       | 3 |  3.5
Dodging        | 5 |  5.2
Throwing       | |  2.0

Action                   |  1- 3 |  4- 6 || total
-------------------------+-------+-------++-------
Melee: Trident           |   146 |    66 ||   212
  Use: Scroll            |     5 |     1 ||     6
       Potion            |       |     2 ||     2
 Stab: Sleeping          |     2 |     2 ||     4
Armor: Leather armour    |    36 |    12 ||    48
Dodge: Dodged            |   119 |    26 ||   145
